 Dungeon Crawl Stone Soup version 0.30-a0-341-g682706514a (webtiles) character file.

Game seed: 17753155539547508892

725 quakins the Skirmisher (level 7, -1/32 HPs)
             Began as a Spriggan Hexslinger on Nov 2, 2022.
             Slain by an orc priest
             ... wielding a +0 war axe
              (12 damage)
             ... on level 5 of the Dungeon.
             The game lasted 00:10:35 (4331 turns).

quakins the Skirmisher (Spriggan Hexslinger)        Turns: 4331, Time: 00:10:36

Health: -1/32      AC:  2    Str:  6    XL:     7   Next: 43%
Magic:  10/10      EV: 17    Int: 15    God:
Gold:   223        SH:  0    Dex: 17    Spells: 7/8 levels left

rFire   . . .      SeeInvis +    a - +1 sling
rCold   + . .      Faith    .    (no shield)
rNeg    . . .      Spirit   .    c - +0 robe
rPois   .          Reflect  .    (helmet restricted)
rElec   .          Harm     .    (no cloak)
rCorr   .          Rampage  .    (gloves unavailable)
Will    +....                    (boots unavailable)
Stlth   ++........               t - amulet of magic regeneration
HPRegen 0.25/turn                m - ring of protection from cold
MPRegen 0.52/turn                r - ring of flight

@: flying, very quick
A: very small, no large weapons, unfitting armour, see invisible, speed 3
a: no special abilities


You were on level 5 of the Dungeon.
You visited 1 branch of the dungeon, and saw 5 of its levels.

You collected 263 gold pieces.
You spent 40 gold pieces at shops.

Inventory:

Hand Weapons
 a - a +1 sling (weapon)
Armour
 c - a +0 robe (worn)
Jewellery
 m - a ring of protection from cold (left hand)
 q - an amulet of faith
 r - a ring of flight (right hand)
 t - an amulet of magic regeneration (around neck)
Wands
 p - a wand of digging (4)
Scrolls
 b - a scroll of poison
 d - 3 scrolls of fear
 e - 2 scrolls of teleportation {unknown}
 g - 2 scrolls of vulnerability
 k - a scroll of fog {unknown}
 o - a scroll of noise {unknown}
 u - a scroll of magic mapping {unknown}
 w - 5 scrolls of identify
 x - a scroll of summoning {unknown}
Potions
 f - a potion of attraction {unknown}
 h - 2 potions of haste
 i - a potion of heal wounds {unknown}
 j - a potion of ambrosia
 l - 2 potions of curing {unknown}
 n - a potion of brilliance {unknown}
 s - a potion of might {unknown}
 v - a potion of mutation {unknown}


   Skills:
 - Level 0.7 Fighting
 + Level 8.5 Ranged Weapons
 - Level 2.6 Dodging
 - Level 1.3 Spellcasting
 - Level 3.6 Hexes


You had 7 spell levels left.
You knew the following spells:

 Your Spells              Type           Power      Damage    Failure   Level
a - Slow                  Hex            44%        N/A       5%          1

Your spell library contained the following spells:

 Spells                   Type           Power      Damage    Failure   Level
 Sandblast                Erth           2%         2d4       24%         1
 Passwall                 Tmut/Erth      0%         N/A       34%         2
 Inner Flame              Hex/Fire       6%         N/A       34%         3
 Portal Projectile        Hex/Tloc       12%        N/A       34%         3
 Cause Fear               Hex            5%         N/A       47%         4
 Stone Arrow              Conj/Erth      2%         3d7       56%         3


Dungeon Overview and Level Annotations

Branches:
Dungeon (5/15)             Temple (0/1) D:5

Altars:
Fedhas
Ru

Shops:
D:2 *


Innate Abilities, Weirdness & Mutations

You are very small and have problems with some larger weapons.
You are too small for most types of armour.
You have supernaturally acute eyesight. (SInv)
You cover ground extremely quickly. (Speed+++)


Message History

An orc priest comes into view. It is wielding a +0 war axe.
Found a staircase to the Ecumenical Temple.
An orc priest is nearby!
Fire: a) +1 sling
Press: ? - help, Q - select action, (/) - cycle Shift-Dir - straight line, f - orc priest
Aim: an orc priest, wielding a +0 war axe (asleep, 98% to hit)
You shoot a sling bullet. The sling bullet hits the orc priest!
The orc priest is severely wounded.
The orc priest calls down the wrath of Beogh upon you.
Beogh smites you!
Fire: a) +1 sling
Press: ? - help, Q - select action, (/) - cycle Shift-Dir - straight line, f/p - orc priest
Aim: an orc priest, wielding a +0 war axe (severely wounded, 63% to hit)
You shoot a sling bullet.
The sling bullet barely misses the orc priest.
Fire: a) +1 sling
Press: ? - help, Q - select action, (/) - cycle Shift-Dir - straight line, f/p - orc priest
Aim: an orc priest, wielding a +0 war axe (severely wounded, 63% to hit)
You shoot a sling bullet.
The sling bullet barely misses the orc priest.
The orc priest closely misses you.
Fire: a) +1 sling
Press: ? - help, Q - select action, (/) - cycle Shift-Dir - straight line, f/p - orc priest
Aim: an orc priest, wielding a +0 war axe (severely wounded, 63% to hit)
You shoot a sling bullet.
The sling bullet closely misses the orc priest.
The orc priest hits you with a +0 war axe!
Fire: a) +1 sling
Press: ? - help, Q - select action, (/) - cycle Shift-Dir - straight line, f/p - orc priest
Aim: an orc priest, wielding a +0 war axe (severely wounded, 63% to hit)
You shoot a sling bullet.
The sling bullet closely misses the orc priest.
The orc priest barely misses you.
Fire: a) +1 sling
Press: ? - help, Q - select action, (/) - cycle Shift-Dir - straight line, f/p - orc priest
Aim: an orc priest, wielding a +0 war axe (severely wounded, 63% to hit)
You shoot a sling bullet. The sling bullet hits the orc priest.
The orc priest is almost dead.
The orc priest hits you with a +0 war axe!
You die...

# #.# #.# #.# #.#
#.# ## # #.# #.# #.
... ..# # #.# #.#
..# ### # #.# #.#
### # #.# #.# # #.#
#.# ## # ####.# #.#
>#.# .....#
#.#####o..# ..####
#.....@.#
..###############.#
.........# ...
..######.# ##.# ..#
.# ### . #


You could see an orc priest.

Vanquished Creatures
  Menkaure (D:5)
  An ice beast (D:5)
  A scorpion (D:5)
  A howler monkey (D:4)
  An orc priest (D:4)
  4 hounds
  Jessica (D:2)
  Robin (D:2)
  7 adders
  4 gnolls (D:5)
  A worm (D:3)
  5 dart slugs
  16 orcs
  10 ball pythons
  3 bats
  8 endoplasms
  A giant cockroach (D:2)
  16 goblins
  8 hobgoblins
  5 jackals
  8 kobolds
  2 quokkas
  4 frilled lizards
  5 rats
114 creatures vanquished.

Notes
Turn   | Place    | Note
-------+----------+-------------------------------------------
     0 | D:1      | quakins the Spriggan Hexslinger began the quest for the
                  | Orb.
     0 | D:1      | Reached XP level 1. HP: 9/9 MP: 3/3
   243 | D:1      | Reached XP level 2. HP: 14/14 MP: 5/5
   295 | D:1      | Reached skill level 3 in Ranged Weapons
   605 | D:1      | Found a faded altar of an unknown god.
   685 | D:1      | Reached XP level 3. HP: 14/17 MP: 6/6
  1095 | D:2      | Noticed Robin
  1330 | D:2      | Noticed Jessica
  1331 | D:2      | Reached skill level 4 in Ranged Weapons
  1379 | D:2      | Killed Jessica
  1380 | D:2      | Reached XP level 4. HP: 7/21 MP: 7/7
  1424 | D:2      | Killed Robin
  1528 | D:2      | Reached skill level 5 in Ranged Weapons
  1721 | D:2      | Found Mycairue's General Store.
  1724 | D:2      | Bought a scroll of identify for 20 gold pieces
  1724 | D:2      | Bought a scroll of identify for 20 gold pieces
  1939 | D:2      | Reached XP level 5. HP: 20/25 MP: 8/8
  2670 | D:4      | Reached skill level 6 in Ranged Weapons
  2863 | D:4      | Reached XP level 6. HP: 29/29 MP: 9/9
  3209 | D:4      | Found a blossoming altar of Fedhas.
  3228 | D:4      | Found a sacrificial altar of Ru.
  3458 | D:5      | Entered Level 5 of the Dungeon
  3458 | D:5      | Noticed Menkaure
  3465 | D:5      | Killed Menkaure
  3466 | D:5      | Reached skill level 7 in Ranged Weapons
  3672 | D:5      | Reached XP level 7. HP: 19/32 MP: 10/10
  4060 | D:5      | Reached skill level 8 in Ranged Weapons
  4325 | D:5      | Found a staircase to the Ecumenical Temple.
  4331 | D:5      | Slain by an orc priest

Illustrated notes

Levels and vault maps discovered:
D:1:      kilobyte_arrival_exit_the_forest, layout_basic, serial_aquarium,
          aquarium_bridge_straight [aquarium_subvault_bridge,
          aquarium_subvault_balcony, aquarium_subvault_bridge,
          aquarium_subvault_window], aquarium_bridge_island_small
          [aquarium_subvault_small_water, aquarium_subvault_bridge,
          aquarium_subvault_bridge, aquarium_subvault_window,
          aquarium_subvault_balcony], aquarium_window_corridor_1,
          aquarium_window_1, aquarium_window_1, aquarium_view_2f,
          aquarium_balcony_double_1, aquarium_pool_five,
          hellmonk_ecumenical_altar_run_dry
D:2:      layout_basic, serial_shops, nicolae_shop_behind_doors, uniq_robin,
          uniq_jessica
D:3:      layout_rooms
D:4:      layout_loops_ring, mainiacjoe_overflow_big_doors, hex_tiny
D:5:      layout_loops_ring, minmay_temple_entry_proselytizer, uniq_menkaure

Skill      XL: |  1  2  3  4  5  6  7 |
---------------+----------------------+-----
Ranged Weapons | 3 4 5 6 7 8 |  8.5
Fighting       | |  0.7
Dodging        | |  2.6
Spellcasting   | |  1.3
Hexes          | |  3.6

Action                   |  1- 3 |  4- 6 |  7- 9 || total
-------------------------+-------+-------+-------++-------
 Fire: Sling             |   107 |   277 |    58 ||   442
  Use: Scroll            |       |     3 |       ||     3
       Potion            |       |     1 |       ||     1
Armor: Robe              |     4 |    14 |     1 ||    19
Dodge: Dodged            |    31 |   122 |    26 ||   179

Table legend: (Time is in decaauts)
 A = Elapsed time spent in this place.
 B = Non-inter-level travel time spent in this place.
 C = Inter-level travel time spent in this place.
 D = Time resting spent in this place.
 E = Time spent auto-exploring this place.
 F = Levels seen in this place.
 G = Mean time per level.
                   A        B        C        D        E       F      G
               +--------+--------+--------+--------+--------+-----+--------+
         Total |   3130 |   3046 |     84 |    359 |   1849 |   5 |  626.0 |
       Dungeon |   3130 |   3046 |     84 |    359 |   1849 |   5 |  626.0 |
               +--------+--------+--------+--------+--------+-----+--------+

Top non-repeatable levels by time:
     D:1: 779 daAuts
     D:4: 707 daAuts
     D:2: 689 daAuts
     D:5: 552 daAuts
     D:3: 401 daAuts
